 Dungeon Crawl Stone Soup version 0.31-a0-963-ga325b2283a (webtiles) character file.

Game seed: 17118780860112098317

50354 IdlyInterested the Slicer (level 14, -19/105 HPs)
             Began as a Demonspawn Gladiator on Oct 23, 2023.
             Was a High Priest of Dithmenos.
             Killed from afar by a tengu conjurer (27 damage)
             ... with a bolt of lightning
             ... on level 15 of the Dungeon on Oct 24, 2023.
             The game lasted 01:14:35 (17089 turns).

IdlyInterested the Slicer (Demonspawn Gladiator)   Turns: 17089, Time: 01:14:36

Health: -19/105    AC: 18    Str: 16    XL:     14   Next: 19%
Magic:  0/20       EV: 17    Int: 12    God:    Dithmenos [*****.]
Gold:   234        SH:  5    Dex: 27    Spells: 13/13 levels left

rFire   + + .        e - +2 short sword (drain)
rCold   + . .        (no shield)
rNeg    + + .        K - quicksilver dragon scales of Thoughtfulness {rN++ Will+ Regen+ Int+3 Dex-3}
rPois   .            O - +2 hat {Stlth+}
rElec   .            (no cloak)
rCorr   .            t - +1 pair of gloves "Cioquciokh" {Dex+7}
SInv    .            l - +0 pair of boots {Fly}
Will    ++...        V - amulet of reflection
Stlth   +++++++++    y - ring of protection from cold
HPRegen 1.17/turn    c - ring "Uriam" {rF+ Dex+4}
MPRegen 0.34/turn

%: reflection, guardian spirit
@: marked, flying, wreathed by umbra
A: molten scales 3, demonic guardian 2, magic shield, magic regeneration,
demonic touch 2
a: Renounce Religion, Shadow Step, Shadow Form


You were on level 15 of the Dungeon.
You worshipped Dithmenos.
Dithmenos was extremely pleased with you.
You visited 2 branches of the dungeon, and saw 16 of its levels.
You also visited: Bailey.

You collected 2000 gold pieces.
You spent 1766 gold pieces at shops.

Inventory:

Hand Weapons
 a - a +1 rapier
 e - a +2 short sword of draining (weapon)
 E - a +2 short sword of flaming
 N - the +3 dagger of Plog {flame, rC++ rN++ Stlth-}
   (You found it on level 12 of the Dungeon)

   rC++:      It greatly protects you from cold.
   rN++:      It greatly protects you from negative energy.
   Stlth-:    It makes you less stealthy.
 R - the +10 falchion of Earthquakes {venom, Will- rCorr MP+9 Int+6}
   (You took it off a vampire on level 10 of the Dungeon)

   Int+6:     It affects your intelligence (+6).
   Will-:     It decreases your willpower.
   MP+9:      It affects your magic capacity (+9).
   rCorr:     It protects you from acid and corrosion.
 S - the +7 long sword of Descent {flame, Dex+5}
   (You found it on level 13 of the Dungeon)

   Dex+5:     It affects your dexterity (+5).
Missiles
 d - 3 throwing nets
 f - 31 stones (quivered)
 k - 7 javelins
 n - 33 poisoned darts
 p - 10 atropa-tipped darts
 C - 9 boomerangs
 F - 3 curare-tipped darts
Armour
 l - a +0 pair of boots of flying (worn)
 t - the +1 pair of gloves "Cioquciokh" (worn) {Dex+7}
   (You found it on level 5 of the Dungeon)

   Dex+7:     It affects your dexterity (+7).
 A - a +0 scale mail of fire resistance
 B - a +2 robe of cold resistance
 K - the quicksilver dragon scales of Thoughtfulness (worn) {rN++ Will+ Regen+ Int+3 Dex-3}
   (You bought it in a shop on level 5 of the Dungeon)

   Int+3:     It affects your intelligence (+3).
   Dex-3:     It affects your dexterity (-3).
   rN++:      It greatly protects you from negative energy.
   Will+:     It increases your willpower.
   Regen+:    It increases your rate of health regeneration.
 O - a +2 hat of stealth (worn)
Jewellery
 c - the ring "Uriam" (right hand) {rF+ Dex+4}
   (You found it on level 14 of the Dungeon)

   [ring of protection from fire]

   Dex+4:     It affects your dexterity (+4).
   rF+:       It protects you from fire.
 y - a ring of protection from cold (left hand)
 U - a +6 ring of intelligence
 V - an amulet of reflection (around neck)
Wands
 r - a wand of digging (5)
 G - a wand of paralysis (9)
 L - a wand of polymorph (7)
 P - a wand of light (4)
Scrolls
 g - 4 scrolls of identify
 h - 3 scrolls of vulnerability
 i - 2 scrolls of poison
 s - a scroll of torment
 v - 11 scrolls of teleportation
 w - a scroll of noise
 x - 3 scrolls of fog
 z - 2 scrolls of fear
 X - a scroll of enchant weapon
Potions
 b - 4 potions of resistance
 j - 9 potions of curing
 m - 5 potions of magic
 o - 2 potions of enlightenment
 q - 3 potions of brilliance
 u - 4 potions of mutation
 D - 2 potions of lignification
 H - a potion of might
 I - 2 potions of invisibility
 M - a potion of attraction
 Q - a potion of haste
Miscellaneous
 J - a phantom mirror (inert)


   Skills:
 - Level 8.0 Fighting
 - Level 14.0 Short Blades
 - Level 13.4 Throwing
 - Level 2.0 Armour
 - Level 8.0 Dodging
 + Level 11.8 Stealth
 * Level 0.0 Unarmed Combat
 - Level 8.0 Invocations
 - Level 2.0 Evocations


You had 13 spell levels left.
You didn't know any spells.
Your spell library contained the following spells:

 Spells                   Type           Power      Damage    Failure   Level
 Shock                    Conj/Air       0%         1d3       52%         1
 Wereblood                Tmut           0%         N/A       67%         2
 Dazzling Flash           Conj/Hex       0%         N/A       88%         3
 Ignite Poison            Fire/Tmut/Pois 0%         N/A       88%         3
 Inner Flame              Hex/Fire       0%         N/A       88%         3
 Swiftness                Air            0%         N/A       88%         3
 Airstrike                Air            0%         2d(0-16)  99%         4
 Passage of Golubria      Tloc           0%         N/A       99%         4
 Sticky Flame             Conj/Fire      0%         2d3       99%         4
 Agony                    Necr           0%         N/A       100%        5
 Irradiate                Conj/Tmut      0%         3d11      100%        5
 Silence                  Hex/Air        0%         N/A       100%        5
 Yara's Violent Unravell  Hex/Tmut       0%         3d3       100%        5
 Enfeeble                 Hex            0%         N/A       100%        7
 Ignition                 Fire           0%         3d3       100%        8
 Lehudib's Crystal Spear  Conj/Erth      0%         10d2      100%        8


Dungeon Overview and Level Annotations

Branches:
Dungeon (15/15)            Temple (1/1) D:6            Lair (0/5) D:8
    Orc (0/2) D:11         Vaults (0/5) D:13         Bailey (visited)
 Depths: D:15

Altars:
Ashenzari
Cheibriados
Dithmenos
Fedhas
Gozag
Hepliaklqana
Kikubaaqudgha
Makhleb
Nemelex Xobeh
Okawaru
Qazlal
Ru
Sif Muna
Trog
Uskayaw
Vehumet
Wu Jian
Xom
Yredelemnul
Lugonu

Shops:
D:3 :[   D:5 [   D:7 (   D:8 !   D:10 ![

Annotations:
D:10 1 runed translucent door


Innate Abilities, Weirdness & Mutations

You are completely covered in molten scales. (AC +4, rF+)
A demonic guardian rushes to your aid.
When hurt, damage is shared between your health and your magic reserves.
You regenerate magic rapidly.
Your touch may inflict irresistible damage on your foes.


Message History

You feel less invigorated.
You feel less confused.
The deep elf pyromancer gestures at you while chanting.
The bolt of fire hits you. You resist.
The tengu warrior hits you with a +0 long sword.
* * * LOW HITPOINT WARNING * * *
The tengu warrior pecks you but does no damage.
The tengu warrior closely misses you. The tengu warrior misses you. x3
You hit the tengu warrior but do no damage.
You drain the tengu warrior.
The tengu warrior is lightly wounded.
Unknown command.
You hit the tengu warrior but do no damage.
You touch the tengu warrior!
The tengu warrior is moderately wounded.
Your shadow hits the tengu warrior with a short sword.
The deep elf pyromancer mumbles some strange words.
The tengu warrior hits you with a +0 long sword!
* * * LOW HITPOINT WARNING * * *
The tengu warrior misses you. x2
The tengu warrior hits you with a +1 battleaxe.
* * * LOW HITPOINT WARNING * * *
A demonic guardian appears!
The tengu warrior pecks you.
* * * LOW HITPOINT WARNING * * *
The tengu warrior closely misses you.
The tengu conjurer attacks as it pursues you!
The tengu conjurer closely misses you.
You block the tengu conjurer's attack. x2
The tengu warrior hits you but does no damage.
The tengu warrior pecks you but does no damage.
The tengu warrior claws you.
* * * LOW HITPOINT WARNING * * *
The boulder beetle leaps!
The tengu warrior blocks your sixfirhy's attack.
The tengu conjurer casts a spell at you.
The bolt of lightning hits your sixfirhy.
Your sixfirhy completely resists.
The bolt of lightning hits you!
* * * LOW HITPOINT WARNING * * *
The bolt of lightning hits you!!
You die...

.. #.. .. .. ...#.
..... .....##....
#........#### ###
####.........#.##...
....................
..........#.........
..........(.........
#..........@.#
#.##.....##3#####.##
###.##...#QQ..uT...
#...(###.#eQ.......
##.(## #*.z###.###.
#..(####..○#####
##Q.....z..°.....
###z...............
#.4zz......##......


You could see a skeletal warrior, 2 tengu warriors, a deep elf pyromancer
(drained), a tengu conjurer (ally target) and a friendly sixfirhy (summoned).

Vanquished Creatures
  A lich (D:10)
  Gastronok (D:12)
  An orc warlord (Bailey)
  4 vault guards (D:13)
  The ghost of gdog the Covert, a journeyman GnDe of Ashenzari (D:10)
  3 hydras
  5 two-headed ogres
  4 centaur warriors
  4 boulder beetles
  6 skeletal warriors
  A necromancer (D:10)
  2 deep elf pyromancers (D:13)
  3 manticores
  15 ugly things
  8 cyclopes
  2 gargoyles (D:12)
  2 unseen horrors (D:12)
  A rime drake (D:8)
  Maggie (D:9)
  3 kobold demonologists
  2 komodo dragons (D:12)
  2 tengu conjurers (D:15)
  An efreet (D:13)
  2 polar bears (D:8)
  6 trolls
  A centaur simulacrum (D:14)
  2 wraiths
  3 basilisks
  11 yaks
  2 vampires
  A wyvern (D:9)
  Eustachio (D:5)
  3 vampire mosquitoes (D:7)
  2 steam dragons
  Edmund (D:4)
  2 acid dragons
  A sky beast (D:8)
  14 orc warriors
  7 ice beasts
  A black bear (D:6)
  2 wolves (D:8)
  4 boggarts (D:15)
  6 centaurs
  5 kobold brigands
  Blork the orc (D:6)
  4 bullfrogs
  2 scorpions (D:4)
  4 wights (D:7)
  4 killer bees (D:11)
  5 howler monkeys
  An electric eel (D:13)
  2 quasits (D:5)
  3 hounds
  7 orc priests
  An iron imp (D:8)
  A sleepcap (D:7)
  An iguana (D:6)
  11 orc wizards
  9 gnolls (Bailey)
  6 adders
  2 shadow imps
  3 white imps
  5 ufetubi
  3 worms
  A dart slug (D:4)
  37 orcs
  3 ball pythons
  5 endoplasms
  A giant cockroach (D:4)
  18 goblins
  10 hobgoblins
  2 jackals (D:5)
  27 kobolds
  6 quokkas
  4 bats
  A frilled lizard (D:3)
  4 rats
344 creatures vanquished.

Vanquished Creatures (collateral kills)
  2 ogre magi
  A two-headed ogre (D:15)
  A dancing weapon (D:8)
  The ghost of lunkers the Martial Artist, a novice MeSh of Okawaru (D:8)
  Pikel (D:5)
  2 ugly things (D:14)
  2 cyclopes
  A wraith (D:10)
  A steam dragon (D:7)
  An acid dragon (D:10)
  2 orc warriors (Bailey)
  2 ogres (D:15)
  A centaur (D:10)
  A wight (D:7)
  4 orcs (D:3)
23 creatures vanquished.

Vanquished Creatures (others)
  A howler monkey (D:13)
  A kobold (D:12)
2 creatures vanquished.

Grand Total: 369 creatures vanquished

Notes
Turn   | Place    | Note
-------+----------+-------------------------------------------
     0 | D:1      | IdlyInterested the Demonspawn Gladiator began the quest for
                  | the Orb.
     0 | D:1      | Reached XP level 1. HP: 16/16 MP: 1/1
   198 | D:1      | Reached skill level 1 in Stealth
   510 | D:1      | Gained mutation: Your touch may inflict minor irresistible
                  | damage on your foes. [demonic ancestry]
   510 | D:1      | Reached XP level 2. HP: 22/22 MP: 2/2
   955 | D:2      | Reached skill level 3 in Short Blades
  1298 | D:2      | Found a faded altar of an unknown god.
  1354 | D:2      | Reached skill level 1 in Armour
  1577 | D:3      | Found Ene Mos's Book Emporium.
  1618 | D:3      | Reached skill level 1 in Evocations
  1618 | D:3      | Gained mutation: A weak demonic guardian rushes to your
                  | aid. [demonic ancestry]
  1618 | D:3      | Reached XP level 3. HP: 27/27 MP: 3/3
  1742 | D:3      | Found Veozalen's Antique Armour Shoppe.
  2080 | D:3      | Found a broken altar of Ashenzari.
  2200 | D:3      | Gained mutation: A demonic guardian rushes to your aid.
                  | [demonic ancestry]
  2200 | D:3      | Reached XP level 4. HP: 32/33 MP: 4/4
  2553 | D:4      | Noticed Edmund
  2568 | D:4      | Killed Edmund
  2569 | D:4      | Reached skill level 4 in Short Blades
  2569 | D:4      | Gained mutation: You are partially covered in molten
                  | scales. (AC +2) [demonic ancestry]
  2569 | D:4      | Reached XP level 5. HP: 27/38 MP: 5/5
  2715 | D:4      | Reached skill level 5 in Short Blades
  2845 | D:4      | Reached XP level 6. HP: 45/45 MP: 6/6
  3541 | D:3      | Bought a glowing scale mail for 182 gold pieces
  3585 | D:5      | Entered Level 5 of the Dungeon
  3673 | D:5      | Reached skill level 6 in Short Blades
  3676 | D:5      | Gained mutation: You are mostly covered in molten scales.
                  | (AC +3) [demonic ancestry]
  3676 | D:5      | Reached XP level 7. HP: 41/52 MP: 7/7
  3928 | D:5      | Found Utruck's Armour Shop.
  3951 | D:5      | Identified the +1 pair of gloves "Cioquciokh" {Dex+7}
  4114 | D:5      | Noticed Eustachio
  4130 | D:5      | Killed Eustachio
  4131 | D:5      | Reached skill level 7 in Short Blades
  4134 | D:5      | Noticed Pikel
  4158 | D:5      | Killed Pikel
  4159 | D:5      | Reached skill level 8 in Short Blades
  4159 | D:5      | Gained mutation: You are completely covered in molten
                  | scales. (AC +4, rF+) [demonic ancestry]
  4159 | D:5      | Reached XP level 8. HP: 23/60 MP: 8/8
  5107 | D:6      | Found a staircase to the Ecumenical Temple.
  5113 | Temple   | Entered the Ecumenical Temple
  5145 | D:6      | Noticed Blork the orc
  5154 | D:6      | Killed Blork the orc
  5218 | D:6      | Found a shadowy altar of Dithmenos.
  5411 | D:6      | Found a sacrificial altar of Ru.
  5501 | D:6      | Found a shimmering altar of Xom.
  5503 | D:6      | Found a stormy altar of Qazlal.
  5505 | D:6      | Found a blossoming altar of Fedhas.
  5523 | D:6      | Reached skill level 9 in Short Blades
  6207 | D:7      | Reached XP level 9. HP: 54/65 MP: 9/9
  6263 | D:7      | Found a hide-covered altar of Uskayaw.
  6334 | D:7      | Reached skill level 10 in Short Blades
  6876 | D:7      | Found Linnifut's Weapon Emporium.
  7053 | D:8      | Found a runed translucent door.
  7054 | D:8      | Found a shimmering altar of Xom.
  7054 | D:8      | Noticed lunkers's ghost (novice MeSh)
  7054 | D:8      | Noticed a +0 hand axe of chaos
  7154 | D:8      | Found a radiant altar of Vehumet.
  7192 | D:8      | Found a flagged portal.
  7201 | Bailey   | Entered a bailey
  7581 | Bailey   | Reached skill level 11 in Short Blades
  7596 | Bailey   | Reached skill level 5 in Fighting
  7701 | Bailey   | Noticed an orc warlord
  7719 | Bailey   | Killed an orc warlord
  7720 | Bailey   | Gained mutation: You regenerate magic rapidly. [demonic
                  | ancestry]
  7720 | Bailey   | Reached XP level 10. HP: 71/74 MP: 10/10
  8102 | D:5      | Bought a +0 pair of boots of flying for 126 gold pieces
  8150 | D:3      | Bought a runed leather armour for 130 gold pieces
  8248 | D:6      | Became a worshipper of Dithmenos the Shadowed
  8328 | D:8      | Reached skill level 5 in Stealth
  8335 | D:8      | Reached skill level 12 in Short Blades
  8335 | D:8      | Reached skill level 1 in Invocations
  8410 | D:8      | Reached * piety under Dithmenos
  8546 | D:8      | Reached skill level 13 in Short Blades
  8546 | D:8      | Reached skill level 5 in Invocations
  8578 | D:8      | Found a snail-covered altar of Cheibriados.
  8580 | D:8      | Found a staircase to the Lair.
  8690 | D:8      | Noticed a two-headed ogre
  8704 | D:8      | Killed a two-headed ogre
  8705 | D:8      | Reached XP level 11. HP: 70/79 MP: 14/14
  8795 | D:8      | Found Tubor's Distillery.
  8815 | D:8      | Bought a potion of attraction for 33 gold pieces
  9118 | D:8      | Killed a +0 hand axe of chaos
  9126 | D:8      | Killed lunkers's ghost
  9459 | D:8      | Acquired 915 gold pieces
  9559 | D:5      | Bought the quicksilver dragon scales of Thoughtfulness
                  | {rN++ Will+ Regen+ Int+3 Dex-3} for 852 gold pieces
  9787 | D:9      | Reached skill level 5 in Dodging
  9873 | D:9      | Found a sparkling altar of Nemelex Xobeh.
  9942 | D:9      | Found an ornate altar of the Wu Jian Council.
 10009 | D:9      | Found a bloodstained altar of Trog.
 10188 | D:9      | You are sucked into a shaft and drop 3 floors!
 10251 | D:12     | Noticed a boulder beetle
 10283 | D:12     | Killed a boulder beetle
 10308 | D:12     | Reached skill level 14 in Short Blades
 10413 | D:11     | Noticed a two-headed ogre
 10427 | D:11     | Killed a two-headed ogre
 10605 | D:11     | Noticed a two-headed ogre
 10631 | D:11     | Killed a two-headed ogre
 10647 | D:11     | Reached ** piety under Dithmenos
 10657 | D:10     | Entered Level 10 of the Dungeon
 10808 | D:8      | Bought a potion of haste for 110 gold pieces
 10808 | D:8      | Bought a potion of might for 44 gold pieces
 10847 | D:9      | Reached skill level 5 in Throwing
 10999 | D:9      | Noticed Maggie
 11012 | D:9      | Killed Maggie
 11017 | D:9      | Gained mutation: When hurt, damage is shared between your
                  | health and your magic reserves. [demonic ancestry]
 11017 | D:9      | Reached XP level 12. HP: 88/88 MP: 16/16
 11027 | D:9      | Found a shimmering blue altar of Sif Muna.
 11552 | D:10     | Found a runed translucent door.
 11563 | D:10     | Found Jyhudghoi's Antique Armour Boutique.
 11576 | D:10     | Found a runed translucent door.
 11688 | D:10     | Noticed an ogre mage
 11690 | D:10     | Noticed a seven-headed hydra
 11691 | D:10     | Noticed a lich
 11691 | D:10     | Noticed gdog's ghost (journeyman GnDe)
 11772 | D:10     | Found Ybbuap's Distillery.
 11958 | D:10     | Identified the +10 falchion of Earthquakes {venom, Will-
                  | rCorr MP+9 Int+6}
 12164 | D:10     | Noticed a two-headed ogre
 12167 | D:10     | Killed a two-headed ogre
 12365 | D:10     | Identified the +1 ring mail of the Lost Lies {Contam
                  | *Corrode Will++ Dex+8}
 12397 | D:10     | Killed a lich
 12401 | D:10     | Killed an ogre mage
 12438 | D:10     | Killed gdog's ghost
 12460 | D:10     | Reached skill level 10 in Throwing
 12487 | D:10     | Killed a seven-headed hydra
 12577 | D:10     | Bought a potion of ambrosia for 104 gold pieces
 13318 | D:11     | Reached *** piety under Dithmenos
 13463 | D:11     | Found a staircase to the Orcish Mines.
 13947 | D:8      | Bought a potion of heal wounds for 55 gold pieces
 14263 | D:12     | Identified the +3 dagger of Plog {flame, rC++ rN++ Stlth-}
 14317 | D:12     | Gained mutation: Your touch may inflict irresistible damage
                  | on your foes. [demonic ancestry]
 14317 | D:12     | Reached XP level 13. HP: 78/93 MP: 13/17
 14557 | D:12     | Noticed Gastronok
 14582 | D:12     | Killed Gastronok
 14950 | D:13     | Reached **** piety under Dithmenos
 15410 | D:13     | Reached skill level 10 in Stealth
 15448 | D:13     | Found a gate to the Vaults.
 15471 | D:13     | Upgraded the game from 0.31-a0-960-g0fca184906 to
                  | 0.31-a0-963-ga325b2283a
 15575 | D:13     | Identified the +7 long sword of Descent {flame, Dex+5}
 15741 | D:10     | Bought a potion of heal wounds for 65 gold pieces
 16251 | D:14     | Identified the ring "Uriam" {rF+ Dex+4}
 16363 | D:14     | Reached XP level 14. HP: 84/105 MP: 16/19
 16682 | D:10     | Bought a potion of heal wounds for 65 gold pieces
 16841 | D:15     | Entered Level 15 of the Dungeon
 16858 | D:15     | Reached ***** piety under Dithmenos
 17089 | D:15     | Killed from afar by a tengu conjurer

Illustrated notes

Levels and vault maps discovered:
D:1:      onia_arrival_mini_maze, layout_loops_corners
D:2:      layout_rooms, ebering_ecumenical_altar_ruins, st_stairs_3
D:3:      layout_rooms, nicolae_overflow_crystal_walls,
          mainiacjoe_overflow_six_doors_small, mainiacjoe_overflow_chevrons,
          serial_shops, shop, shop, minmay_puff
D:4:      layout_basic, palyth_stone_intersect, minmay_quadrilaterals,
          uniq_edmund
D:5:      layout_loops_ring, serial_demonic, serial_demonic_b, serial_demonic_c,
          serial_demonic_d, serial_demonic_g, serial_shops,
          nicolae_shop_hallway_stairs, grunt_ministairs_2, minmay_manual_mares,
          uniq_pikel, uniq_eustachio
D:6:      layout_basic, mainiacjoe_overflow_tiny_flanked,
          nicolae_ru_the_path_less_chosen, grunt_temple_overflow_open,
          minmay_temple_entry_grid, minmay_misc_feat_square, uniq_blork_the_orc
D:7:      layout_loops_ring, eat_drink_and_be_merry_uskayaw, serial_shops,
          nicolae_shop_bloodbath_and_beyond, chequers_serial_rivers_room_b,
          nicolae_the_louvre
D:8:      layout_loops_ring, mainiacjoe_overflow_surrounded_room, slow_altar_1,
          hellmonk_lair_entry_icy, serial_shops, nicolae_shop_hallway_stairs,
          ebering_ghost_xom, enter_bailey_8
D:9:      layout_stronghold, kennysheep_orc_sif_temple,
          mainiacjoe_overflow_catwalk, mainiacjoe_overflow_alcove_1,
          mainiacjoe_overflow_cross_hatched, mainiacjoe_overflow_alcove_2,
          uniq_maggie
D:10:     layout_stronghold, muffindrake_ghost_dual_entry, serial_shops, shop,
          shop, kb_lookout_dungeons_type
D:11:     layout_roguey, hiddenorc1_lemuel
D:12:     layout_long_grid, drop_trap, kennysheep_generic_room_5, uniq_gastronok
D:13:     layout_basic, lightli_vaults_fourway_checkpoint,
          nicolae_houndstooth_variations
D:14:     layout_basic, minmay_misc_feat_chi
D:15:     hellmonk_depths_entry_around_the_bend, layout_cave_pools
Temple:   corrupted_temple

Skill      XL: |  1  2  3  4  5  6  7  8  9 10 11 12 13 14 |
---------------+-------------------------------------------+-----
Stealth        | 1 2 3 4 5 6 9 11 | 11.8
Short Blades   | 3 4 5 6 8 9 11 13 14 | 14.0
Armour         | 1 2 |  2.0
Evocations     | 1 2 |  2.0
Throwing       | 2 5 12 13 | 13.4
Dodging        | 3 4 6 7 8 |  8.0
Fighting       | 3 4 5 6 8 |  8.0
Invocations    | 5 6 7 8 |  8.0

Action                     |  1- 3 |  4- 6 |  7- 9 | 10-12 | 13-15 || total
---------------------------+-------+-------+-------+-------+-------++-------
  Melee: Rapier            |   118 |    79 |   145 |       |       ||   342
         Touch             |    12 |    20 |    58 |   169 |    98 ||   357
         Punch             |       |       |     2 |     8 |     7 ||    17
         Short sword       |       |       |   138 |   626 |   324 ||  1088
         Falchion          |       |       |       |    30 |       ||    30
         Dagger            |       |       |       |       |     9 ||     9
  Throw: Dart              |       |     6 |    17 |     9 |     2 ||    34
         Javelin           |       |     1 |     3 |     9 |     7 ||    20
         Stone             |       |    35 |    38 |    42 |    18 ||   133
         Throwing net      |       |       |     1 |       |     1 ||     2
  Evoke: Wand              |       |       |       |       |     2 ||     2
         Phantom mirror    |       |       |       |       |     2 ||     2
    Use: Potion            |     1 |     1 |     1 |     8 |     6 ||    17
         Scroll            |       |    12 |     7 |     4 |     3 ||    26
   Stab: Sleeping          |     1 |       |     6 |    12 |    11 ||    30
         Distracted        |     1 |       |       |     2 |     2 ||     5
         Held in net/web   |       |       |     3 |       |     2 ||     5
         Invisible         |       |       |       |       |     4 ||     4
 Armour: Leather armour    |    18 |       |       |    49 |       ||    67
         Ring mail         |    40 |       |       |       |       ||    40
         Chain mail        |    24 |    37 |       |       |       ||    61
         Scale mail        |       |    34 |    46 |       |       ||    80
         Robe              |       |       |    68 |     5 |       ||    73
         Quicksilver drago |       |       |       |   204 |   207 ||   411
  Dodge: Dodged            |    68 |    49 |   136 |   246 |   140 ||   639
  Block: Other             |       |       |       |       |    10 ||    10

Table legend: (Time is in decaauts)
 A = Elapsed time spent in this place.
 B = Non-inter-level travel time spent in this place.
 C = Inter-level travel time spent in this place.
 D = Time resting spent in this place.
 E = Time spent auto-exploring this place.
 F = Levels seen in this place.
 G = Mean time per level.
                   A        B        C        D        E       F      G
               +--------+--------+--------+--------+--------+-----+--------+
         Total |  16487 |  13185 |   3302 |   1444 |   7516 |  17 |  969.8 |
       Dungeon |  15731 |  12433 |   3298 |   1131 |   7465 |  15 | 1048.7 |
        Temple |     35 |     32 |      3 |      0 |      0 |   1 |   35.0 |
        Bailey |    721 |    721 |      0 |    312 |     51 |   1 |  721.0 |
               +--------+--------+--------+--------+--------+-----+--------+

Top non-repeatable levels by time:
    D:10: 1684 daAuts
     D:5: 1503 daAuts
     D:8: 1479 daAuts
     D:7: 1202 daAuts
     D:9: 1179 daAuts
    D:11: 1125 daAuts
     D:3: 1121 daAuts
     D:6: 1074 daAuts
     D:1: 1042 daAuts
     D:4: 1028 daAuts
    D:13: 977 daAuts
    D:12: 870 daAuts
    D:14: 745 daAuts
  Bailey: 721 daAuts
     D:2: 558 daAuts
